 Dungeon Crawl Stone Soup version 0.18-a0-822-gb52b7b4 (webtiles) character file.

569 deanyohobro the Skirmisher (level 7, -1/64 HPs)
             Began as a White Draconian Berserker on Dec 16, 2015.
             Was a Priest of Trog.
             Slain by a water moccasin (5 damage)
             ... on level 4 of the Dungeon.
             The game lasted 00:24:42 (2751 turns).

deanyohobro the Skirmisher (DrBe)                   Turns: 2751, Time: 00:24:42

Health: -1/64      AC:  7    Str: 20    XL:     7   Next: 11%
Magic:  7/7        EV: 12    Int:  7    God:    Trog [***...]
Gold:   157        SH:  0    Dex: 12    Spells: 0 memorised, 6 levels left

rFire  . . .     SeeInvis .     g - +1 scythe (slice)
rCold  + . .     Gourm    .     (armour unavailable)
rNeg   . . .     Faith    .     (shield currently unavailable)
rPois  .         Spirit   .     (helmet restricted)
rElec  .         Dismiss  .     (no cloak)
rCorr  .         Reflect  .     u - +0 pair of gloves
SustAt .         Harm     .     (no boots)
MR     .....                    (no amulet)
Stlth  +.........               (no ring)
                                (no ring)

@: lethally poisoned (-1 -> -28), not resistant to hostile enchantments, very
unstealthy
A: breathe frost, unfitting armour, cold resistance 1, cold-blooded, AC +6
a: Breathe Frost, Berserk, Trog's Hand, Burn Spellbooks, Renounce Religion


You were on level 4 of the Dungeon.
You worshipped Trog.
Trog was most pleased with you.
You were not hungry.

You visited 1 branch of the dungeon, and saw 4 of its levels.

You collected 157 gold pieces.

Inventory:

Hand Weapons
 c - a +2 vampiric hand axe
 f - a +2 dagger of electrocution
 g - a +1 scythe of slicing (weapon)
Armour
 u - a +0 pair of gloves (worn)
Scrolls
 a - a scroll of noise {unknown}
 d - 2 scrolls of fog {unknown}
 h - a scroll of remove curse
 l - 3 scrolls of amnesia
 m - a scroll of enchant armour {unknown}
 n - 3 scrolls of identify
 p - a scroll of recharging {unknown}
 q - 2 scrolls of blinking {unknown}
 v - a scroll of magic mapping {unknown}
 w - a scroll of random uselessness {unknown}
 y - a scroll of immolation
Potions
 i - a potion of ambrosia {unknown}
 j - a potion of brilliance {unknown}
 o - a potion of cancellation {unknown}
 r - a potion of curing {unknown}
 s - a potion of might {unknown}
 x - a potion of degeneration {unknown}
Comestibles
 b - 4 bread rations
 t - a beef jerky
 z - 7 chunks of flesh


   Skills:
 * Level 6.5 Fighting
 - Level 6.2 Axes
 - Level 2.6 Dodging
 - Level 0.8 Stealth


You had 6 spell levels left.
You didn't know any spells.

Dungeon Overview and Level Annotations

Branches:
Dungeon (4/15)             Temple (0/1) D:4

Altars:
Fedhas
Qazlal


Innate Abilities, Weirdness & Mutations

You can breathe waves of freezing cold.
You can buffet flying creatures when you breathe cold.
Your icy white scales are hard (AC +6).
Your body does not fit into most forms of armour.
Your flesh is cold resistant.
You are cold-blooded and may be slowed by cold attacks.


Message History

You barely miss the water moccasin.
The water moccasin is heavily wounded.
* * * LOW HITPOINT WARNING * * *
You feel very sick.
The water moccasin bites you but does no damage.
The water moccasin misses you.
You barely miss the water moccasin.
Your tail-slap misses the water moccasin.
The water moccasin is heavily wounded.
* * * LOW HITPOINT WARNING * * *
You feel very sick. The water moccasin closely misses you.
The water moccasin bites you but does no damage.
The water moccasin bites you!
* * * LOW HITPOINT WARNING * * *
Eat which item? (? for menu, Esc to quit)
* * * LOW HITPOINT WARNING * * *
You feel very sick. The water moccasin bites you.
You die...

.......... ......... ...
........ ... #####.....#
#.# ...#.....###.### ..
............... .#
#.#..#..# #.#
.#####.#..#..###.##
.............).S@)#
.#..##.#..#>.####.#
.#...#.#..#..# #.#
.............## #.#
....................l...#
..........#.............#
###....#.##..####.####..#
...>.........# #.# .#
.##..###.##..# #.#


You could see a water moccasin.

Vanquished Creatures
  Sigmund (D:2)
  Duvessa (D:4)
  Dowan (D:4)
  A crimson imp (D:4)
  2 orc wizards (D:4)
  Jessica (D:2)
  A hound (D:3)
  3 gnolls (D:3)
  3 adders
  An ooze (D:2)
  6 orcs
  4 bats
  5 giant cockroaches
  5 hobgoblins
  8 jackals (D:3)
  4 kobolds
  A ball python (D:3)
  A giant gecko (D:3)
  5 giant newts
  6 goblins
  5 rats
65 creatures vanquished.

Notes
Turn   | Place    | Note
--------------------------------------------------------------
     0 | D:1      | deanyohobro the Draconian Berserker began the quest for the Orb.
     0 | D:1      | Reached XP level 1. HP: 19/19 MP: 1/1
   383 | D:1      | Reached XP level 2. HP: 23/26 MP: 2/2
   901 | D:2      | Noticed Jessica
   905 | D:2      | Killed Jessica
   905 | D:2      | Reached skill level 4 in Axes
   905 | D:2      | Reached XP level 3. HP: 28/31 MP: 3/3
   921 | D:2      | Found a blossoming altar of Fedhas.
   989 | D:2      | Noticed Sigmund
  1001 | D:2      | Killed Sigmund
  1001 | D:2      | Reached skill level 6 in Axes
  1001 | D:2      | Reached XP level 4. HP: 38/38 MP: 4/4
  1001 | D:2      | Reached XP level 5. HP: 45/45 MP: 5/5
  1165 | D:2      | Reached ** piety under Trog
  1687 | D:3      | Noticed a fire elemental
  1690 | D:3      | Noticed a water elemental
  1692 | D:3      | Found a stormy altar of Qazlal.
  1751 | D:3      | Noticed an air elemental
  1828 | D:3      | Reached XP level 6. HP: 52/52 MP: 6/6
  2423 | D:4      | Found a staircase to the Ecumenical Temple.
  2427 | D:4      | Reached *** piety under Trog
  2545 | D:4      | Reached skill level 5 in Fighting
  2574 | D:4      | Noticed Natasha
  2574 | D:4      | Noticed Duvessa
  2588 | D:4      | Noticed Dowan
  2588 | D:4      | Killed Duvessa
  2596 | D:4      | Killed Dowan
  2596 | D:4      | Your scales start taking on an icy white colour.
  2596 | D:4      | Gained mutation: Your flesh is cold resistant. [White Draconian growth]
  2596 | D:4      | Reached XP level 7. HP: 43/63 MP: 7/7
  2751 | D:4      | Slain by a water moccasin

Vault maps used:
D:1:      minmay_arrival_three_doors, serial_corexii_hall,
          corexii_hall_statues_x, corexii_hall_statues_l
D:2:      fedhas_altar_1, first_bread, uniq_sigmund, uniq_jessica
D:3:      nicolae_qazlal_style_of_elements
D:4:      kennysheep_little_box, cheibriados_altar_1, minmay_temple_entry_grid,
          moated_statue, hangedman_decor_opposing, uniq_natasha, uniq_duvessa

Action                   |  1- 3 |  4- 6 |  7- 9 || total
-------------------------+-------+-------+-------++-------
Melee: Hand axe          |    47 |       |       ||    47
       Scythe            |       |   108 |    24 ||   132
Invok: Berserk           |     1 |     3 |     1 ||     5
  Use: Scroll            |       |     2 |     1 ||     3
       Potion            |       |       |     2 ||     2
 Stab: Sleeping          |     1 |     3 |       ||     4
       Distracted        |       |     1 |       ||     1
  Eat: Chunk             |     1 |     6 |     2 ||     9
       Pizza             |     1 |       |       ||     1
       Meat ration       |     1 |       |       ||     1
       Royal jelly       |       |       |     1 ||     1
